 Dungeon Crawl Stone Soup version 0.30-a0-451-ge042605de7 (webtiles) character file.

Game seed: 15765040287050357713

8362 cforsyth the Cleaver (level 11, -9/148 HPs)
             Began as a Minotaur Berserker on Dec 11, 2022.
             Was a High Priest of Trog.
             Mangled by a large slime creature (14 damage)
             ... on level 10 of the Dungeon.
             The game lasted 00:17:25 (9181 turns).

cforsyth the Cleaver (Minotaur Berserker)           Turns: 9181, Time: 00:17:26

Health: -9/148     AC: 22    Str: 26    XL:     11   Next: 8%
Magic:  0/10       EV:  8    Int:  4    God:    Trog [*****.]
Gold:   461        SH: 12    Dex:  7    Spells: 10/10 levels left

rFire   . . .      SeeInvis .    c - +0 war axe
rCold   . . .      Faith    .    h - +3 kite shield
rNeg    . . .      Spirit   +    b - +5 plate armour of the Nightingale {Rampage +Inv rPois Regen+ Dex-3}
rPois   +          Reflect  .    (helmet restricted)
rElec   .          Harm     .    (no cloak)
rCorr   .          Rampage  +    F - +0 pair of gloves
Will    .....                    s - +0 pair of boots
Stlth   ..........               i - amulet of guardian spirit
HPRegen 1.24/turn                (no ring)
MPRegen 0.12/turn                (no ring)

@: berserking, very quick
A: horns 2, retaliatory headbutt
a: Renounce Religion, Evoke Invisibility, Berserk, Trog's Hand, Brothers in Arms


You were on level 10 of the Dungeon.
You worshipped Trog.
Trog was extremely pleased with you.
You visited 1 branch of the dungeon, and saw 10 of its levels.

You collected 461 gold pieces.

Inventory:

Hand Weapons
 a - a +0 hand axe
 c - a +0 war axe (weapon)
Armour
 b - the +5 plate armour of the Nightingale (worn) {Rampage +Inv rPois Regen+ Dex-3}
   (You found it on level 6 of the Dungeon)

   Dex:       It affects your dexterity (-3).
   rPois:     It protects you from poison.
   +Inv:      It lets you turn invisible.
   Regen:     It increases your rate of health regeneration.
   Rampage:   It bestows one free step when moving towards enemies.
 h - a +3 kite shield (worn)
 s - a +0 pair of boots (worn)
 F - a +0 pair of gloves (worn)
Jewellery
 i - an amulet of guardian spirit (around neck)
 G - a ring of protection from fire
 H - a ring of protection from fire
Wands
 D - a wand of flame (56)
 E - a wand of polymorph (6)
 J - a wand of iceblast (6)
Scrolls
 d - 2 scrolls of poison
 e - 2 scrolls of identify
 n - 3 scrolls of teleportation
 p - 2 scrolls of enchant weapon {unknown}
 u - 3 scrolls of magic mapping {unknown}
 w - a scroll of enchant armour
 y - 2 scrolls of immolation {unknown}
 C - 3 scrolls of blinking {unknown}
Potions
 g - 4 potions of cancellation
 k - 2 potions of flight
 l - a potion of attraction
 m - 4 potions of curing
 q - 7 potions of heal wounds
 r - a potion of might
 t - 2 potions of resistance
 x - a potion of mutation {unknown}
 z - 3 potions of magic
 A - 3 potions of lignification
 I - a potion of invisibility {unknown}


   Skills:
 + Level 10.0 Fighting
 + Level 10.0 Axes
 + Level 9.6 Armour
 + Level 8.8 Dodging
 + Level 9.0 Shields


You had 10 spell levels left.
You didn't know any spells.
Your spell library was empty.

Dungeon Overview and Level Annotations

Branches:
Dungeon (10/15)            Temple (0/1) D:5            Lair (0/5) D:8
    Orc: D:9-12

Altars:
Ashenzari
Elyvilon
Kikubaaqudgha
Nemelex Xobeh
Qazlal
Vehumet
Zin
The Shining One


Innate Abilities, Weirdness & Mutations

You have a pair of horns on your head.
You reflexively headbutt those who attack you in melee.


Message History

The vampire mosquito draws strength from your injuries!
Unknown command.
You hit the large slime creature.
The large slime creature is moderately wounded.
You hit the vampire mosquito. You slash the vampire mosquito!
The vampire mosquito bites you but does no damage.
You block the vampire mosquito's attack.
The large slime creature misses you. You furiously retaliate!
You headbutt the large slime creature!
The vampire mosquito bites you but does no damage. x2
Unknown command.
A red film seems to cover your vision as you go berserk!
You feel yourself moving faster!
You feel mighty!
The vampire mosquito bites you but does no damage.
You block the vampire mosquito's attack.
The large slime creature hits you!!
* * * LOW HITPOINT WARNING * * *
The vampire mosquito barely misses you.
You block the vampire mosquito's attack.
Unknown command.
You slash the large slime creature! You headbutt the large slime creature!
The large slime creature is heavily wounded.
You hit the vampire mosquito. x2
You block the vampire mosquito's attack.
The vampire mosquito barely misses you.
The large slime creature hits you but does no damage.
Unknown command.
Unknown command.
Unknown command.
You barely miss the large slime creature.
You headbutt the large slime creature!
The large slime creature is heavily wounded.
You slash the vampire mosquito! x2
You destroy the vampire mosquito!
Trog accepts your kill. The vampire mosquito bites you.
The vampire mosquito draws strength from your injuries!
The vampire mosquito closely misses you.
The large slime creature hits you!
You die...

####.....##
##.###..# ####.##
##.##### ##
.....# #.....# >.
####.## ##.###.#
.# # ##.###..#
#.# .# .##.
##...#.# #.#
.#.....
###.#.###.##J...#
#.#......@y.#
#.#####.##y......
#.# #.# ##.....
#.# #.# ###.
########.# #.!
......)..# #.#
########## .## #


You could see a large slime creature and 2 vampire mosquitoes.

Vanquished Creatures
  Erolcha (D:9)
  Erica (D:8)
  Pikel (D:6)
  An elephant (D:8)
  Joseph (D:8)
  A gargoyle (D:10)
  A komodo dragon (D:8)
  A troll (D:9)
  Grinder (D:6)
  2 slime creatures (D:10)
  A basilisk (D:8)
  A wraith (D:9)
  A yak (D:8)
  2 wyverns
  2 steam dragons
  2 vampire mosquitoes (D:10)
  2 water moccasins (D:7)
  3 orc warriors
  A sky beast (D:6)
  3 ice beasts (D:8)
  2 ogres
  2 black bears
  A centaur (D:9)
  4 lemures (D:6)
  3 phantoms
  5 kobold brigands
  A bullfrog (D:9)
  4 gnoll sergeants
  A scorpion (D:6)
  5 killer bees (D:9)
  A crimson imp (D:4)
  2 howler monkeys
  3 hounds
  7 orc priests
  A gnoll bouda (D:7)
  2 jellies
  6 orc wizards
  2 iguanas
  26 gnolls
  3 adders
  A shadow imp (D:5)
  4 white imps
  An ufetubus (D:4)
  4 worms
  4 dart slugs
  31 orcs
  4 endoplasms
  A giant cockroach (D:1)
  6 goblins
  9 hobgoblins
  4 jackals (D:1)
  2 quokkas
  9 ball pythons
  8 bats
  3 frilled lizards
  4 goblin skeletons (D:4)
  2 goblin zombies (D:4)
  A hobgoblin zombie (D:4)
  30 kobolds
  2 kobold skeletons (D:4)
  2 kobold zombies (D:4)
  An orc zombie (D:4)
  4 rats
247 creatures vanquished.

Vanquished Creatures (others)
  2 kobolds (D:8)
  A fungus (D:8)
  3 plants (D:8)
6 creatures vanquished.

Grand Total: 253 creatures vanquished

Notes
Turn   | Place    | Note
-------+----------+-------------------------------------------
     0 | D:1      | cforsyth the Minotaur Berserker began the quest for the
                  | Orb.
     0 | D:1      | Reached XP level 1. HP: 19/19 MP: 0/0
   251 | D:1      | Reached XP level 2. HP: 24/27 MP: 1/1
   633 | D:2      | Reached XP level 3. HP: 33/33 MP: 2/2
   689 | D:2      | Reached ** piety under Trog
  1428 | D:3      | Reached XP level 4. HP: 40/40 MP: 3/3
  1485 | D:3      | Reached skill level 1 in Shields
  1910 | D:3      | You fall into a shaft and drop 2 floors!
  1910 | D:5      | Entered Level 5 of the Dungeon
  1925 | D:4      | Found a glowing golden altar of the Shining One.
  1952 | D:4      | Reached XP level 5. HP: 45/47 MP: 4/4
  2518 | D:4      | Noticed an ogre
  2521 | D:4      | Killed an ogre
  2522 | D:4      | Reached skill level 5 in Fighting
  2522 | D:4      | Reached skill level 5 in Axes
  2522 | D:4      | Reached XP level 6. HP: 26/56 MP: 5/5
  2542 | D:4      | Reached *** piety under Trog
  3470 | D:5      | Found a stormy altar of Qazlal.
  3493 | D:5      | Found a broken altar of Ashenzari.
  3505 | D:5      | Reached XP level 7. HP: 33/61 MP: 6/6
  4007 | D:5      | Reached skill level 5 in Armour
  4381 | D:5      | Found a staircase to the Ecumenical Temple.
  4798 | D:5      | Found an ancient bone altar of Kikubaaqudgha.
  4855 | D:6      | Noticed Grinder
  5029 | D:6      | Paralysed by Grinder for 3 turns
  5047 | D:6      | Killed Grinder
  5048 | D:6      | Reached skill level 5 in Dodging
  5048 | D:6      | Reached XP level 8. HP: 32/70 MP: 7/7
  5450 | D:6      | Identified the +5 plate armour of the Nightingale {Rampage
                  | +Inv rPois Regen+ Dex-3}
  5547 | D:6      | Found a radiant altar of Vehumet.
  5655 | D:6      | Reached skill level 5 in Shields
  5699 | D:6      | Noticed Pikel
  5712 | D:6      | Killed Pikel
  5734 | D:6      | Reached XP level 9. HP: 75/79 MP: 5/8
  6189 | D:7      | Reached **** piety under Trog
  6986 | D:8      | Noticed a komodo dragon
  6990 | D:8      | Killed a komodo dragon
  7060 | D:8      | Noticed an elephant
  7071 | D:8      | Noticed Joseph
  7073 | D:8      | Killed an elephant
  7074 | D:8      | Reached XP level 10. HP: 90/90 MP: 9/9
  7087 | D:8      | Killed Joseph
  7201 | D:8      | Found a staircase to the Lair.
  7413 | D:8      | Noticed Erica
  7436 | D:8      | Killed Erica
  7466 | D:8      | Reached ***** piety under Trog
  7731 | D:8      | Found a glowing silver altar of Zin.
  7731 | D:8      | Noticed an angel
  8236 | D:9      | Found a white marble altar of Elyvilon.
  8443 | D:9      | Noticed Erolcha
  8455 | D:9      | Killed Erolcha
  8691 | D:9      | Found a sparkling altar of Nemelex Xobeh.
  9001 | D:10     | Entered Level 10 of the Dungeon
  9059 | D:10     | Noticed a gargoyle
  9064 | D:10     | Killed a gargoyle
  9065 | D:10     | Reached XP level 11. HP: 99/99 MP: 10/10
  9172 | D:10     | Reached skill level 10 in Axes
  9177 | D:10     | Reached skill level 10 in Fighting
  9179 | D:10     | HP: 3/148 [large slime creature (26)]
  9181 | D:10     | Mangled by a large slime creature

Illustrated notes

Levels and vault maps discovered:
D:1:      matt_arrival_grand_opening, layout_rooms, palyth_stone_intersect
D:2:      layout_rooms
D:3:      layout_basic, corexii_item_surrounded_by_moat, st_stairs_7,
          minmay_misc_feat_tiny
D:4:      layout_basic, nicolae_tso_besieged_by_evil, minmay_pentomino_pile
D:5:      layout_loops_cross, general_overflow_altar,
          mainiacjoe_overflow_concentric_impassable,
          nicolae_qazlal_scattered_showers, temple_pool_b
D:6:      layout_gridville, nicolae_vehumet_altar_sigil, uniq_pikel,
          uniq_grinder
D:7:      layout_loops_ring
D:8:      layout_loops_ring, zin_angel, david_lair_generic, uniq_erica,
          uniq_joseph
D:9:      layout_loops_ring, nemelex_diamond_rough_becter, old_standard_altar,
          uniq_erolcha
D:10:     layout_loops_ring, gammafunk_temple_overflow_elements

Skill      XL: |  1  2  3  4  5  6  7  8  9 10 11 |
---------------+----------------------------------+-----
Fighting       | 4 5 6 7 8 9 10 | 10.0
Axes           | 4 5 6 7 8 9 10 | 10.0
Armour         | 3 4 5 6 8 9 |  9.6
Shields        | 1 2 3 4 5 7 8 9 |  9.0
Dodging        | 3 4 5 6 7 8 |  8.8

Action                   |  1- 3 |  4- 6 |  7- 9 | 10-12 || total
-------------------------+-------+-------+-------+-------++-------
Melee: Hand axe          |    76 |   140 |    84 |       ||   300
       Headbutt          |    12 |    31 |    60 |    43 ||   146
       War axe           |       |       |   245 |   233 ||   478
Invok: Berserk           |       |     1 |     1 |     3 ||     5
       Trog's Hand       |       |     1 |     1 |     2 ||     4
  Use: Scroll            |       |       |       |    18 ||    18
 Stab: Sleeping          |     1 |       |       |       ||     1
Armor: Animal skin       |    20 |       |       |       ||    20
       Scale mail        |     5 |    52 |    33 |       ||    90
       Plate armour      |       |       |   154 |   134 ||   288
Dodge: Dodged            |    47 |    48 |    83 |    69 ||   247
Block: Kite shield       |    30 |    81 |   160 |   140 ||   411

Table legend: (Time is in decaauts)
 A = Elapsed time spent in this place.
 B = Non-inter-level travel time spent in this place.
 C = Inter-level travel time spent in this place.
 D = Time resting spent in this place.
 E = Time spent auto-exploring this place.
 F = Levels seen in this place.
 G = Mean time per level.
                   A        B        C        D        E       F      G
               +--------+--------+--------+--------+--------+-----+--------+
         Total |   9426 |   9031 |    395 |   1829 |   5396 |  10 |  942.6 |
       Dungeon |   9426 |   9031 |    395 |   1829 |   5396 |  10 |  942.6 |
               +--------+--------+--------+--------+--------+-----+--------+

Top non-repeatable levels by time:
     D:4: 1874 daAuts
     D:8: 1319 daAuts
     D:6: 1210 daAuts
     D:3: 933 daAuts
     D:5: 907 daAuts
     D:9: 861 daAuts
     D:7: 756 daAuts
     D:1: 739 daAuts
     D:2: 631 daAuts
    D:10: 191 daAuts
